| TOP OF THE 1ST |
|
Oakland Oaks batting - Pitching for Portland Angels : RHP Steffan Sellevold
|
|
Pitching: RHP Steffan Sellevold
|
|
|
Batting: LHB Justin LeFlore
|
0-0: Called Strike 0-1: Ball 1-1: Ball 2-1: Called Strike 2-2: SINGLE (Line Drive, 7S, EV 103.1 MPH)
|
|
Batting: SHB Steve McGee
|
0-0: Ball 1-0: Ball Justin LeFlore is caught stealing 2nd base 2-6 2-0: Called Strike 2-1: Swinging Strike 2-2: Ball 3-2: Foul Ball, location: 2F 3-2: Strikes out swinging
|
|
Batting: RHB Phoctor Dill
|
0-0: DOUBLE (Line Drive, 9LS, EV 91.2 MPH)
|
|
Batting: RHB Shi-xian Da
|
0-0: Ball 1-0: Called Strike 1-1: Foul Ball, location: 2F 1-2: Foul Ball, location: 2F 1-2: Strikes out swinging
|
| Top of the 1st over - 0 runs, 2 hits, 0 errors, 1 left on base; Oakland 0 - Portland 0 |
| BOTTOM OF THE 1ST |
|
Portland Angels batting - Pitching for Oakland Oaks : RHP Kian-tat Guao
|
|
Pitching: RHP Kian-tat Guao
|
|
|
Batting: RHB Ivan Barrientos
|
0-0: Ball 1-0: Called Strike 1-1: Ball 2-1: Swinging Strike 2-2: Ball 3-2: Foul Ball, location: 2F 3-2: Strikes out swinging
|
|
Batting: RHB Steve Neely
|
0-0: Ball 1-0: Ball 2-0: Called Strike 2-1: Ball 3-1: Swinging Strike 3-2: Foul Ball, location: 2F 3-2: Strikes out swinging
|
|
Batting: RHB Kyler Seitz
|
0-0: Ball 1-0: Ball 2-0: Called Strike 2-1: Ball 3-1: Foul Ball, location: 2F 3-2: Strikes out swinging
|
| Bottom of the 1st over - 0 runs, 0 hits, 0 errors, 0 left on base; Oakland 0 - Portland 0 |
| TOP OF THE 2ND |
|
Oakland Oaks batting - Pitching for Portland Angels : RHP Steffan Sellevold
|
|
Batting: SHB Chris King
|
0-0: Ball 1-0: Ball 2-0: Called Strike 2-1: Ball 3-1: Called Strike 3-2: Strikes out looking
|
|
Batting: LHB Bryan Hodensack
|
0-0: Called Strike 0-1: Ball 1-1: Swinging Strike 1-2: Ball 2-2: Ball 3-2: Foul Ball, location: 2F 3-2: Foul Ball, location: 2F 3-2: Foul Ball, location: 2F 3-2: Foul Ball, location: 2F 3-2: Foul Ball, location: 2F 3-2: SINGLE (Line Drive, 7S, EV 105.0 MPH)
|
|
Batting: RHB Matt Nehman
|
0-0: Called Strike Bryan Hodensack is caught stealing 2nd base 2-4 0-1: Foul Ball, location: 2F 0-2: SOLO HOME RUN (Flyball, 7D, EV 95.6 MPH), Distance : 355 ft
|
|
Batting: RHB Kasey Sands
|
0-0: Ball 1-0: Called Strike 1-1: Called Strike 1-2: Ball 2-2: Strikes out swinging
|
| Top of the 2nd over - 1 run, 2 hits, 0 errors, 0 left on base; Oakland 1 - Portland 0 |
| BOTTOM OF THE 2ND |
|
Portland Angels batting - Pitching for Oakland Oaks : RHP Kian-tat Guao
|
|
Now in CF: Justin LeFlore
|
|
|
Now in RF: Diego Vega
|
|
|
Batting: RHB Jesse Sargent
|
0-0: Ball 1-0: Called Strike 1-1: SINGLE (Flyball, 78S, EV 84.4 MPH)
|
|
Batting: RHB Alex Rosaly
|
0-0: Called Strike 0-1: Called Strike 0-2: Foul Ball, location: 2F 0-2: Strikes out swinging
|
|
Batting: LHB Doug Nebel
|
0-0: Foul Ball, location: 2F 0-1: Hit by Pitch Jesse Sargent to second
|
|
Batting: SHB Manuel Martinez
|
0-0: Ball 1-0: Foul Ball, location: 2F 1-1: Foul Ball, location: 2F 1-2: Ball 2-2: Foul Ball, location: 2F 2-2: Ball 3-2: Fly out, F8 (Flyball, 8LXD, EV 105.0 MPH) Runner from 2nd tags up, SAFE at 3rd, no throw by CF
|
|
Batting: RHB Mario Martinez
|
0-0: Ball 1-0: Called Strike 1-1: Ball 2-1: Foul Ball, location: 2F 2-2: Foul Ball, location: 2F 2-2: Ball 3-2: Strikes out swinging
|
| Bottom of the 2nd over - 0 runs, 1 hit, 0 errors, 2 left on base; Oakland 1 - Portland 0 |
| TOP OF THE 3RD |
|
Oakland Oaks batting - Pitching for Portland Angels : RHP Steffan Sellevold
|
|
Batting: RHB Ricky Ulloa
|
0-0: Called Strike 0-1: Called Strike 0-2: Strikes out swinging
|
|
Batting: LHB Justin LeFlore
|
0-0: Ball 1-0: SINGLE (Groundball, 6M, EV 105.0 MPH)
|
|
Batting: SHB Steve McGee
|
0-0: Called Strike 0-1: Called Strike Justin LeFlore is caught stealing 2nd base 2-6 0-2: Ball 1-2: Ground out U3 (Groundball, 3, EV 89.4 MPH)
|
| Top of the 3rd over - 0 runs, 1 hit, 0 errors, 0 left on base; Oakland 1 - Portland 0 |
| BOTTOM OF THE 3RD |
|
Portland Angels batting - Pitching for Oakland Oaks : RHP Kian-tat Guao
|
|
Batting: LHB David Coatney
|
0-0: Fly out, F7 (Flyball, 7D, EV 103.1 MPH)
|
|
Batting: RHB Ivan Barrientos
|
0-0: Ball 1-0: Ball 2-0: Swinging Strike 2-1: Foul Ball, location: 2F 2-2: Ball 3-2: Foul Ball, location: 2F 3-2: Foul Ball, location: 2F 3-2: Foul Ball, location: 2F 3-2: Strikes out looking
|
|
Batting: RHB Steve Neely
|
0-0: Called Strike 0-1: Swinging Strike 0-2: Strikes out looking
|
| Bottom of the 3rd over - 0 runs, 0 hits, 0 errors, 0 left on base; Oakland 1 - Portland 0 |
| TOP OF THE 4TH |
|
Oakland Oaks batting - Pitching for Portland Angels : RHP Steffan Sellevold
|
|
Batting: RHB Phoctor Dill
|
0-0: Foul Ball, location: 2F 0-1: Foul Ball, location: 2F 0-2: Foul Ball, location: 2F 0-2: Foul Ball, location: 2F 0-2: Strikes out swinging
|
|
Batting: RHB Shi-xian Da
|
0-0: Called Strike 0-1: Foul Ball, location: 2F 0-2: Fly out, F4 (Popup, 4MD, EV 63.1 MPH)
|
|
Batting: SHB Chris King
|
0-0: Ball 1-0: Called Strike 1-1: Ball 2-1: Foul Ball, location: 2F 2-2: Strikes out swinging
|
| Top of the 4th over - 0 runs, 0 hits, 0 errors, 0 left on base; Oakland 1 - Portland 0 |
| BOTTOM OF THE 4TH |
|
Portland Angels batting - Pitching for Oakland Oaks : RHP Kian-tat Guao
|
|
Batting: RHB Kyler Seitz
|
0-0: Ball 1-0: Ball 2-0: Swinging Strike 2-1: Foul Ball, location: 2F 2-2: Strikes out looking
|
|
Batting: RHB Jesse Sargent
|
0-0: Ball 1-0: Called Strike 1-1: Fly out, F8 (Flyball, 8LD, EV 88.1 MPH)
|
|
Batting: RHB Alex Rosaly
|
0-0: Ball 1-0: Ground out 6-3 (Groundball, 6, EV 91.2 MPH)
|
| Bottom of the 4th over - 0 runs, 0 hits, 0 errors, 0 left on base; Oakland 1 - Portland 0 |
| TOP OF THE 5TH |
|
Oakland Oaks batting - Pitching for Portland Angels : RHP Steffan Sellevold
|
|
Batting: LHB Diego Vega
|
0-0: Called Strike 0-1: Foul Ball, location: 2F 0-2: Strikes out looking
|
|
Batting: RHB Matt Nehman
|
0-0: Ball 1-0: Ball 2-0: Ball 3-0: Base on Balls
|
|
Batting: RHB Kasey Sands
|
0-0: Ball 1-0: Called Strike 1-1: Fly out, F8 (Flyball, 8LM, EV 88.8 MPH)
|
|
Pitching: LHP Benjie Dalaque
|
|
|
Batting: RHB Ricky Ulloa
|
0-0: Called Strike 0-1: Swinging Strike 0-2: Strikes out looking
|
| Top of the 5th over - 0 runs, 0 hits, 0 errors, 1 left on base; Oakland 1 - Portland 0 |
| BOTTOM OF THE 5TH |
|
Portland Angels batting - Pitching for Oakland Oaks : RHP Kian-tat Guao
|
|
Batting: LHB Doug Nebel
|
0-0: Called Strike 0-1: Foul Ball, location: 2F 0-2: Ball 1-2: Strikes out looking
|
|
Batting: SHB Manuel Martinez
|
0-0: Foul Ball, location: 2F 0-1: Swinging Strike 0-2: Ball 1-2: Strikes out swinging
|
|
Batting: RHB Mario Martinez
|
0-0: Ground out U3 (Groundball, 3, EV 104.4 MPH)
|
| Bottom of the 5th over - 0 runs, 0 hits, 0 errors, 0 left on base; Oakland 1 - Portland 0 |
| TOP OF THE 6TH |
|
Oakland Oaks batting - Pitching for Portland Angels : LHP Benjie Dalaque
|
|
Batting: LHB Justin LeFlore
|
0-0: Called Strike 0-1: Swinging Strike 0-2: Strikes out swinging
|
|
Batting: SHB Steve McGee
|
0-0: Called Strike 0-1: Ball 1-1: Swinging Strike 1-2: Strikes out swinging
|
|
Batting: RHB Phoctor Dill
|
0-0: Ball 1-0: Foul Ball, location: 2F 1-1: Ball 2-1: Foul Ball, location: 2F 2-2: Fly out, F8 (Flyball, 78D, EV 103.8 MPH)
|
| Top of the 6th over - 0 runs, 0 hits, 0 errors, 0 left on base; Oakland 1 - Portland 0 |
| BOTTOM OF THE 6TH |
|
Portland Angels batting - Pitching for Oakland Oaks : RHP Kian-tat Guao
|
|
Pitching: RHP Santiago Gonzalez
|
|
|
Batting: LHB David Coatney
|
0-0: Called Strike 0-1: Ball 1-1: Swinging Strike 1-2: Foul Ball, location: 2F 1-2: Foul Ball, location: 2F 1-2: Strikes out swinging
|
|
Batting: RHB Ivan Barrientos
|
0-0: Called Strike 0-1: Called Strike 0-2: Strikes out swinging
|
|
Pinch Hitting: RHB Shawn Jansen
|
0-0: Fly out, F8 (Flyball, 8LD, EV 86.2 MPH)
|
| Bottom of the 6th over - 0 runs, 0 hits, 0 errors, 0 left on base; Oakland 1 - Portland 0 |
| TOP OF THE 7TH |
|
Oakland Oaks batting - Pitching for Portland Angels : LHP Benjie Dalaque
|
|
Now in CF: Dan Contreras
|
|
|
Batting: RHB Shi-xian Da
|
0-0: Ground out U3 (Groundball, 34, EV 83.8 MPH)
|
|
Batting: SHB Chris King
|
0-0: Ball 1-0: Foul Ball, location: 2F 1-1: Ball 2-1: Swinging Strike 2-2: Foul Ball, location: 2F 2-2: Ball 3-2: Strikes out swinging
|
|
Batting: LHB Diego Vega
|
0-0: Ball 1-0: Foul Ball, location: 2F 1-1: SINGLE (Groundball, 4MD, EV 101.2 MPH)
|
|
Batting: RHB Matt Nehman
|
0-0: Called Strike 0-1: Foul Ball, location: 2F 0-2: Ball 1-2: Ball 2-2: Fly out, F8 (Flyball, 8LM, EV 84.4 MPH)
|
| Top of the 7th over - 0 runs, 1 hit, 0 errors, 1 left on base; Oakland 1 - Portland 0 |
| BOTTOM OF THE 7TH |
|
Portland Angels batting - Pitching for Oakland Oaks : RHP Santiago Gonzalez
|
|
Batting: RHB Kyler Seitz
|
0-0: Called Strike 0-1: Ball 1-1: Ball 2-1: Ball 3-1: Foul Ball, location: 2F 3-2: Fly out, F7 (Flyball, 7LM, EV 105.0 MPH)
|
|
Batting: RHB Jesse Sargent
|
0-0: Ball 1-0: Ball 2-0: DOUBLE (Flyball, 8LD, EV 95.0 MPH)
|
|
Pinch Hitting: RHB Joe Hewitt
|
0-0: Ball 1-0: Ball 2-0: Called Strike 2-1: SINGLE (Groundball, 56D, EV 106.9 MPH) Jesse Sargent to third
|
|
Batting: RHB Scott Webb
|
0-0: Foul Ball, location: 2F 0-1: Swinging Strike 0-2: Ball 1-2: Ball 2-2: Ball 3-2: Foul Ball, location: 2F 3-2: Strikes out looking
|
|
Batting: SHB Manuel Martinez
|
0-0: Ball 1-0: Called Strike 1-1: Ball 2-1: Ground out 6-3 (Groundball, 6S, EV 90.6 MPH)
|
| Bottom of the 7th over - 0 runs, 2 hits, 0 errors, 2 left on base; Oakland 1 - Portland 0 |
| TOP OF THE 8TH |
|
Oakland Oaks batting - Pitching for Portland Angels : LHP Benjie Dalaque
|
|
Now at 2B: John Harvey
|
|
|
Batting: RHB Kasey Sands
|
0-0: Ground out 4-3 (Groundball, 4S, EV 83.8 MPH)
|
|
Batting: RHB Ricky Ulloa
|
0-0: Called Strike 0-1: Foul Ball, location: 2F 0-2: Foul Ball, location: 2F 0-2: Strikes out swinging
|
|
Batting: LHB Justin LeFlore
|
0-0: DOUBLE (Line Drive, 78D, EV 105.0 MPH)
|
|
Batting: SHB Steve McGee
|
0-0: Ball 1-0: Swinging Strike 1-1: Swinging Strike 1-2: Ball 2-2: SINGLE (Line Drive, 56D, EV 98.1 MPH) Justin LeFlore to third Runner from 3rd tries for Home, throw by LF and OUT! 7-2
|
| Top of the 8th over - 0 runs, 2 hits, 0 errors, 1 left on base; Oakland 1 - Portland 0 |
| BOTTOM OF THE 8TH |
|
Portland Angels batting - Pitching for Oakland Oaks : RHP Santiago Gonzalez
|
|
Now at 2B: Edwin Nunez
|
|
|
Batting: RHB Mario Martinez
|
0-0: Called Strike 0-1: Ball 1-1: Ball 2-1: Foul Ball, location: 2F 2-2: Foul Ball, location: 2F 2-2: Ball 3-2: Strikes out swinging
|
|
Pinch Hitting: LHB Miguel Hernandez
|
0-0: Called Strike 0-1: Ball 1-1: SINGLE (Flyball, 78S, EV 94.4 MPH)
|
|
Batting: RHB Ivan Barrientos
|
0-0: Called Strike 0-1: Foul Ball, location: 2F 0-2: Ball 1-2: Ball 2-2: SINGLE (Groundball, 34S, EV 86.2 MPH) (infield hit) Miguel Hernandez to second
|
|
Pitching: LHP Elias Pena
|
|
|
Pinch Hitting: RHB Brian Bonin
|
0-0: Ball 1-0: Ball 2-0: Foul Ball, location: 2F 2-1: Ball Wild Pitch! Miguel Hernandez to third Ivan Barrientos to second 3-1: Base on Balls
|
|
Batting: RHB Kyler Seitz
|
0-0: Called Strike 0-1: Called Strike 0-2: Ball 1-2: Ball 2-2: Ball 3-2: Fly out, F8 (Flyball, 8LD, EV 102.5 MPH) Runner from 3rd tags up, SCORES, no throw by CF
|
|
Batting: RHB Jesse Sargent
|
0-0: Ball 1-0: Called Strike 1-1: Ball Wild Pitch! Ivan Barrientos to third Brian Bonin to second 2-1: Called Strike 2-2: Strikes out swinging
|
| Bottom of the 8th over - 1 run, 2 hits, 0 errors, 2 left on base; Oakland 1 - Portland 1 |
| TOP OF THE 9TH |
|
Oakland Oaks batting - Pitching for Portland Angels : LHP Benjie Dalaque
|
|
Now in LF: Lourens Aukema
|
|
|
Now in CF: Miguel Hernandez
|
|
|
Batting: RHB Phoctor Dill
|
0-0: Swinging Strike 0-1: Ball 1-1: Swinging Strike 1-2: SINGLE (Flyball, 56D, EV 81.2 MPH)
|
|
Batting: RHB Shi-xian Da
|
0-0: Foul Ball, location: 2F 0-1: Ball 1-1: Grounds into double play, 5-4-3 (Groundball, 56, EV 76.9 MPH)
|
|
Batting: RHB Moises Guzman
|
0-0: Ball 1-0: Ball 2-0: Ball 3-0: Called Strike 3-1: Swinging Strike 3-2: Ground out 4-3 (Groundball, 4, EV 83.8 MPH)
|
| Top of the 9th over - 0 runs, 1 hit, 0 errors, 0 left on base; Oakland 1 - Portland 1 |
| BOTTOM OF THE 9TH |
|
Portland Angels batting - Pitching for Oakland Oaks : LHP Elias Pena
|
|
Pinch Hitting: SHB Cesar Carrasquillo
|
0-0: Foul Ball, location: 2F 0-1: Ball 1-1: SINGLE (Groundball, 6MD, EV 110.0 MPH)
|
|
Batting: RHB Scott Webb
|
0-0: Sac Bunt to 13 - play at first, batter OUT! 1-3 Cesar Carrasquillo to second
|
|
Pinch Hitting: RHB Jose Garduno
|
0-0: Intentional Walk
|
|
Batting: RHB Mario Martinez
|
0-0: Ball 1-0: Ball 2-0: 3-RUN HOME RUN (Line Drive, 89XD, EV 97.5 MPH), Distance : 381 ft
|
| Bottom of the 9th over - 3 runs, 2 hits, 0 errors, 0 left on base; Oakland 1 - Portland 4 |
|